 Dungeon Crawl Stone Soup version 0.30-a0-389-g8d7d949f56 (webtiles) character file.

Game seed: 220170844791063090

4 NinjaNoafa the Ducker (level 1, -15/17 HPs)
             Began as a Merfolk Gladiator on Dec 3, 2022.
             Demolished by a kobold
             ... wielding a +2 short sword of electrocution
              (18 damage)
             ... on level 1 of the Dungeon.
             The game lasted 00:01:42 (200 turns).

NinjaNoafa the Ducker (Merfolk Gladiator)            Turns: 200, Time: 00:01:43

Health: -15/17     AC:  4    Str: 14    XL:     1   Next: 60%
Magic:  1/1        EV: 13    Int:  7    God:
Gold:   35         SH:  0    Dex: 15    Spells: 0/0 levels left

rFire   . . .      SeeInvis .    a - +0 rapier
rCold   . . .      Faith    .    (no shield)
rNeg    . . .      Spirit   .    b - +0 leather armour
rPois   .          Reflect  .    c - +0 helmet
rElec   .          Harm     .    (no cloak)
rCorr   .          Rampage  .    (no gloves)
Will    .....                    (no boots)
Stlth   +.........               (no amulet)
HPRegen 0.22/turn                (no ring)
MPRegen 0.07/turn                (no ring)

@: no status effects
A: (nimble swimmer 2), mertail
a: no special abilities


You were on level 1 of the Dungeon.
You visited 1 branch of the dungeon, and saw 1 of its levels.

You collected 35 gold pieces.

Inventory:

Hand Weapons
 a - a +0 rapier (weapon)
Missiles
 d - 3 throwing nets
 e - a javelin (quivered)
 g - 14 stones
Armour
 b - a +0 leather armour (worn)
 c - a +0 helmet (worn)
Scrolls
 f - a scroll of identify {unknown}
 h - a scroll of fog {unknown}
 i - a scroll of enchant armour {unknown}
 j - a scroll of brand weapon {unknown}


   Skills:
 + Level 2.3 Fighting
 + Level 3.7 Short Blades
 - Level 2.0 Throwing
 + Level 4.1 Dodging


You couldn't memorise any spells.
You didn't know any spells.
Your spell library was empty.

Dungeon Overview and Level Annotations

Branches:
Dungeon (1/15)

Altars:

Shops:
D:1 :


Innate Abilities, Weirdness & Mutations

((You are very nimble when in or above water. (Stealth+, EV+, Speed+++)))
Your lower body shifts to a powerful aquatic tail in water.


Message History

You throw a javelin. The javelin pierces through the rat!
You kill the rat!
You now have 16 gold pieces.
e - a javelin
j - a scroll labelled HOCELLAAGE
Found a stone staircase leading down.
You now have 26 gold pieces (gained 10).
Found Woff's Book Emporium.
There is an entrance to Woff's Book Emporium here.
Unknown command.
You can access your shopping list by pressing '$'.
Unknown command.
Unknown command.
Found a mace.
You now have 35 gold pieces (gained 9).
Found an escape hatch in the floor.
Unknown command. 2 goblins and a kobold come into view.
The kobold is wielding a +2 short sword of electrocution.
The goblin shouts!
The kobold shouts!
Unknown command.
There are monsters nearby!
The goblin shouts!
The kobold hits you with a +2 short sword of electrocution.
You are electrocuted!
Ouch! That really hurt!
* * * LOW HITPOINT WARNING * * *
You hit the kobold.
The kobold is moderately wounded.
The kobold completely misses you.
Press: ? - help, v - describe, . - travel The floor.
Unknown command.
The kobold attacks as you move away! The kobold closely misses you.
The kobold attacks as you move away!
The kobold hits you with a +2 short sword of electrocution.
* * * LOW HITPOINT WARNING * * *
You are electrocuted!!
Ouch! That really hurt!
You die...

#≈≈§....^§§≈# ###§≈≈≈≈≈≈###
.. .#####+#####.. ### .# ##
#...........# ##.# #.#...
######.#########..# #......
....#..........#..## .......
....##.###.........##.#.....
....##.# #.....#............
....##.# #......@K.gg.#
..####.# #..........###
..####.###......##...#
...............###...##
...............###....##...
................##.......#
...###..#................#
##.####....####......###..#
##...####..# ####.......>#


You could see 2 goblins and a kobold.

Vanquished Creatures
  A kobold (D:1)
  2 goblins (D:1)
  A rat (D:1)
4 creatures vanquished.

Notes
Turn   | Place    | Note
-------+----------+-------------------------------------------
     0 | D:1      | NinjaNoafa the Merfolk Gladiator began the quest for the
                  | Orb.
     0 | D:1      | Reached XP level 1. HP: 16/16 MP: 1/1
   129 | D:1      | Found Woff's Book Emporium.
   200 | D:1      | Demolished by a kobold

Illustrated notes

Levels and vault maps discovered:
D:1:      dpeg_arrival_morbid_curiosity, layout_rooms, serial_shops, shop,
          minmay_misc_feat_nine_boxes

Action                   || total
-------------------------++-------
Melee: Rapier            ||     5
Throw: Javelin           ||     1
Armor: Leather armour    ||     1
Dodge: Dodged            ||     8

Table legend: (Time is in decaauts)
 A = Elapsed time spent in this place.
 B = Non-inter-level travel time spent in this place.
 C = Inter-level travel time spent in this place.
 D = Time resting spent in this place.
 E = Time spent auto-exploring this place.
 F = Levels seen in this place.
 G = Mean time per level.
                   A        B        C        D        E       F      G
               +--------+--------+--------+--------+--------+-----+--------+
         Total |    200 |    200 |      0 |      0 |    160 |   1 |  200.0 |
       Dungeon |    200 |    200 |      0 |      0 |    160 |   1 |  200.0 |
               +--------+--------+--------+--------+--------+-----+--------+

Top non-repeatable levels by time:
     D:1: 200 daAuts
